 Dungeon Crawl Stone Soup version 0.28-a0-1447-ga5a8893891 (webtiles) character file.

Game seed: 10489582687081005858

334 bande the Covered (level 6, -1/38 HPs)
             Began as a Gargoyle Fighter on Jan 11, 2022.
             Slain by Pikel (3 damage)
             ... on level 5 of the Dungeon.
             The game lasted 00:07:08 (4419 turns).

bande the Covered (Gargoyle Fighter)                Turns: 4419, Time: 00:07:09

Health: -1/38      AC: 11    Str: 19    XL:     6   Next: 53%
Magic:  6/6        EV:  8    Int:  9    God:
Gold:   308        SH:  9    Dex: 11    Spells: 4/5 levels left

rFire   . . .      SeeInvis .   a - +1 war axe
rCold   . . .      Faith    .   i - +1 kite shield
rNeg    + . .      Spirit   .   b - +0 scale mail
rPois   ∞          Reflect  .   (no helmet)
rElec   +          Harm     .   (no cloak)
rCorr   .          Rampage  .   (no gloves)
Will    .....                   (no boots)
Stlth   ..........              (no amulet)
HPRegen 0.12/turn               (no ring)
MPRegen 0.10/turn               (no ring)

@: no status effects
A: sickness immunity, AC +4, negative energy resistance 1, electricity
resistance, torment resistance 1, petrification resistance
a: no special abilities


You were on level 5 of the Dungeon.
You visited 1 branch of the dungeon, and saw 5 of its levels.

You collected 322 gold pieces.
You spent 14 gold pieces at shops.

Inventory:

Hand Weapons
 a - a +1 war axe (weapon)
 j - a +0 flail
Armour
 b - a +0 scale mail (worn)
 i - a +1 kite shield (worn)
 p - a +0 cloak
Wands
 c - a wand of paralysis (6)
 m - a wand of flame (21)
Scrolls
 l - a scroll of enchant weapon
 o - a scroll of identify
Potions
 d - a potion of might
 e - a potion of invisibility {unknown}
 f - a potion of heal wounds
 g - a potion of curing
 h - 2 potions of haste
 k - a potion of flight {unknown}
 n - a potion of attraction {unknown}


   Skills:
 + Level 4.0 Fighting
 + Level 4.2 Axes
 + Level 4.4 Armour
 + Level 4.2 Shields
 * Level 1.3 Translocations
 * Level 0.6 Evocations


You had 4 spell levels left.
You knew the following spells:

 Your Spells              Type           Power      Damage    Failure   Level
a - Apportation           Tloc           4%         N/A       91%         1

Your spell library contained the following spells:

 Spells                   Type           Power      Damage    Failure   Level
 Animate Skeleton         Necr           0%         N/A       98%         1
 Summon Small Mammal      Summ           0%         N/A       98%         1
 Conjure Flame            Conj/Fire      0%         6-21      100%        3
 Frozen Ramparts          Ice            0%         1d2       100%        3
 Ignite Poison            Fire/Tmut/Pois 0%         N/A       100%        3
 Ice Form                 Ice/Tmut       0%         N/A       100%        4
 Sticky Flame             Conj/Fire      0%         2d3       100%        4
 Summon Ice Beast         Ice/Summ       0%         N/A       100%        4


Dungeon Overview and Level Annotations

Branches:
Dungeon (5/15)
 Temple: D:4-7

Altars:
Xom

Shops:
D:2 *   D:3 [

Annotations:
D:5 Pikel


Innate Abilities, Weirdness & Mutations

You are immune to sickness and miasma.
Your stone body is resilient. (AC +4)
You are immune to poison.
You resist negative energy. (rN+)
You are resistant to electric shocks. (rElec)
You are resistant to unholy torment.
You are immune to petrification.


Message History

Pikel freezes you. Pikel barely misses you.
You closely miss Pikel.
Pikel is lightly wounded.
You block Pikel's attack.
You barely miss Pikel.
Pikel is lightly wounded.
Pikel closely misses you. Pikel hits you but does no damage.
You hit Pikel.
Pikel is moderately wounded.
Pikel hits you with a +0 whip of freezing.
Pikel freezes you.
You closely miss Pikel.
Pikel is moderately wounded.
You block Pikel's attack. Pikel hits you but does no damage.
You hit Pikel.
Pikel is heavily wounded.
Pikel closely misses you.
You hit Pikel.
Pikel is heavily wounded.
Pikel hits you but does no damage.
Pikel hits you with a +0 whip of freezing!
Pikel freezes you.
You barely miss Pikel.
Pikel is heavily wounded.
Pikel hits you but does no damage.
You closely miss Pikel.
Pikel is heavily wounded.
Pikel barely misses you. Pikel hits you but does no damage.
You slash Pikel!
Pikel is severely wounded.
Pikel hits you with a +0 whip of freezing!
* * * LOW HITPOINT WARNING * * *
Pikel freezes you.
* * * LOW HITPOINT WARNING * * *
You slash Pikel!
Pikel is almost dead.
Pikel hits you with a +0 whip of freezing.
* * * LOW HITPOINT WARNING * * *
Pikel freezes you.
You die...

########## #........#
#######........#
#..............#
#..............#
#........#######..
#####.......5K@.......
.##...........5########.
...............<.......
.......................
.##.......###........##
#........###########
#........# ######..5#
#[..#


You could see Pikel and 2 lemures.

Vanquished Creatures
  A howler monkey (D:4)
  A jelly (D:4)
  Ijyb (D:3)
  Natasha (thrice) (D:2)
  2 iguanas
  4 adders
  An ufetubus (D:4)
  3 worms
  A dart slug (D:4)
  2 orcs
  10 ball pythons
  6 bats
  5 endoplasms
  8 giant cockroaches
  3 goblins
  2 hobgoblins
  2 quokkas
  A ball python skeleton (D:2)
  2 frilled lizards
  10 kobolds
  7 rats
75 creatures vanquished.

Vanquished Creatures (others)
  3 fungi (D:2)
  4 toadstools (D:2)
7 creatures vanquished.

Grand Total: 82 creatures vanquished

Notes
Turn   | Place    | Note
-------+----------+-------------------------------------------
     0 | D:1      | bande the Gargoyle Fighter began the quest for the Orb.
     0 | D:1      | Reached XP level 1. HP: 14/14 MP: 1/1
    72 | D:1      | Found a faded altar of an unknown god.
   145 | D:1      | Reached XP level 2. HP: 12/19 MP: 2/2
   895 | D:2      | Noticed Natasha
   905 | D:2      | Killed Natasha
   906 | D:2      | Reached XP level 3. HP: 13/23 MP: 3/3
  1046 | D:2      | Noticed Natasha
  1054 | D:2      | Killed Natasha
  1055 | D:2      | Reached XP level 4. HP: 14/28 MP: 4/4
  1523 | D:2      | Noticed Natasha
  1529 | D:2      | Killed Natasha
  1564 | D:2      | Learned a level 1 spell: Apportation
  1584 | D:2      | Reached XP level 5. HP: 30/33 MP: 5/5
  1657 | D:2      | Found a shimmering altar of Xom.
  1674 | D:2      | Found Syny's General Store.
  1692 | D:2      | Bought a potion of degeneration for 14 gold pieces
  2274 | D:3      | Noticed Ijyb
  2274 | D:3      | Paralysed by Ijyb for 5 turns
  2284 | D:3      | Killed Ijyb
  2878 | D:3      | Found Kegudir's Armour Boutique.
  2963 | D:4      | Reached XP level 6. HP: 38/38 MP: 6/6
  3161 | D:4      | Reached skill level 1 in Translocations
  4363 | D:5      | Entered Level 5 of the Dungeon
  4390 | D:5      | Noticed Pikel
  4419 | D:5      | Slain by Pikel

Illustrated notes

Levels and vault maps discovered:
D:1:      dpeg_arrival_tiny_j, layout_basic,
          chequers_ecumenical_altar_simple_redux
D:2:      layout_basic, serial_shops, nicolae_shop_advertising_works
          [nicolae_subvault_shop_adworks], serial_undead, serial_undead_d,
          serial_undead_c, serial_undead_d, serial_undead_d, basic_altar,
          minmay_gold_behind_fungi, hangedman_abyss_or_decor_lesser_grid,
          uniq_natasha
D:3:      layout_basic, serial_shops, nicolae_shop_statue_plus,
          kennysheep_donut, uniq_ijyb
D:4:      layout_cave_pods
D:5:      minmay_evil_eye, layout_basic, uniq_sigmund, uniq_crazy_yiuf_cottage,
          uniq_pikel

Skill      XL: |  1  2  3  4  5  6 |
---------------+-------------------+-----
Axes           | 2 3 4 |  4.2
Shields        | 4 |  4.2
Armour         | 4 |  4.4
Translocations | 1 |  1.3
Fighting       | 4 |  4.0
Evocations     | |  0.6

Action                   |  1- 3 |  4- 6 || total
-------------------------+-------+-------++-------
Melee: War axe           |    60 |   176 ||   236
  Use: Scroll            |     2 |     7 ||     9
Armor: Scale mail        |    29 |    97 ||   126
Dodge: Dodged            |    16 |    65 ||    81
Block: Buckler           |    13 |    18 ||    31
       Kite shield       |       |    56 ||    56

Table legend: (Time is in decaauts)
 A = Elapsed time spent in this place.
 B = Non-inter-level travel time spent in this place.
 C = Inter-level travel time spent in this place.
 D = Time resting spent in this place.
 E = Time spent auto-exploring this place.
 F = Levels seen in this place.
 G = Mean time per level.
                   A        B        C        D        E       F      G
               +--------+--------+--------+--------+--------+-----+--------+
         Total |   4524 |   4496 |     28 |    809 |   2946 |   5 |  904.8 |
       Dungeon |   4524 |   4496 |     28 |    809 |   2946 |   5 |  904.8 |
               +--------+--------+--------+--------+--------+-----+--------+

Top non-repeatable levels by time:
     D:4: 1453 daAuts
     D:1: 1188 daAuts
     D:3: 952 daAuts
     D:2: 868 daAuts
     D:5: 61 daAuts
